 Dungeon Crawl Stone Soup version 0.17-a0-854-g4a4ba72 (webtiles) character file.

141 namelastname112 the Bolt Thrower (level 5, 0/45 HPs)
             Began as a Draconian Hunter on Apr 28, 2015.
             Slain by an orc
             ... wielding a +0 flail
              (7 damage)
             ... on level 3 of the Dungeon.
             The game lasted 00:02:29 (1505 turns).

namelastname112 the Bolt Thrower (Draconian Hunter) Turns: 1505, Time: 00:02:30

Health: 0/45       AC:  5    Str: 14    XL:     5   Next: 3%
Magic:  5/5        EV: 13    Int: 12    God:
Gold:   84         SH:  0    Dex: 12    Spells: 0 memorised, 4 levels left

rFire  + . .     SeeInvis .     h - +2 dagger (venom)
rCold  . . .     Clarity  .     (armour unavailable)
rNeg   . . .     SustAb   .     (no shield)
rPois  .         Gourm    .     (helmet restricted)
rElec  .         Spirit   .     (no cloak)
rCorr  .         Warding  .     (no gloves)
rMut   .         Stasis   .     (no boots)
MR     .....                    (no amulet)
Stlth  +.........               (no ring)
                                j - ring of protection from fire

@: not resistant to hostile enchantments, very unstealthy
A: unfitting armour, cold-blooded, AC +5
a: no special abilities


You were on level 3 of the Dungeon.
You were not hungry.

You visited 1 branch of the dungeon, and saw 3 of its levels.

You collected 84 gold pieces.

Inventory:

Hand weapons
 b - a +1 hand crossbow
 h - a +2 dagger of venom (weapon)
 n - a +2 rapier of flaming
Missiles
 c - 20 bolts
Jewellery
 j - a ring of protection from fire (left hand)
Scrolls
 a - a scroll of random uselessness {unknown}
 e - 4 scrolls of teleportation {unknown}
 g - 5 scrolls of identify {unknown}
 k - a scroll of recharging {unknown}
Potions
 f - a potion of haste {unknown}
 i - a potion of lignification {unknown}
 l - a potion of cancellation {unknown}
 p - a potion of restore abilities {unknown}
Comestibles
 d - 4 bread rations
 m - a meat ration
 o - a beef jerky
 q - a chunk of flesh


   Skills:
 + Level 3.3 Fighting
 * Level 4.5 Crossbows
 + Level 3.1 Dodging
 - Level 0.8 Stealth


You had 4 spell levels left.
You didn't know any spells.

Dungeon Overview and Level Annotations

Branches:
Dungeon (3/15)

Altars:
Gozag


Innate Abilities, Weirdness & Mutations

Your plain brown scales are hard (AC +5).
Your body does not fit into most forms of armour.
You are cold-blooded and may be slowed by cold attacks.


Message History

The bat misses you. The bat hits you.
You hit the orc.
The orc is poisoned.
The orc is moderately wounded.
The bat barely misses you. The orc hits you but does no damage.
The bat barely misses you.
You hit the orc.
The orc looks even sicker.
Your tail-slap misses the orc.
The orc is heavily wounded.
The bat hits you but does no damage. The orc hits you with a flail!
* * * LOW HITPOINT WARNING * * *
The bat closely misses you. The orc misses you.
You are too injured to fight recklessly!
You are too injured to fight recklessly!
The bat hits you but does no damage.
You kill the orc!
The bat hits you but does no damage.
You closely miss the orc. The bat misses you.
The bat hits you but does no damage. The orc barely misses you.
You hit the orc but do no damage.
The orc is poisoned.
The bat barely misses you. The orc hits you with a flail!
You die...

. #.# #.# #.# #.#
##.## #.# #... #.#
#..# #.# #..# #.#
#$.#####
#.#####..#!@o####.#
#........b.#)))...#
#.#####.##...)###!#
#####.# #.#####.#
#.....# #.# #.#
#.###.# #.# #.# #.#
#.# #.# #.# #.# #)#
#.# #.# #.# #.# #..
.#.


You could see an orc and a bat.

Vanquished Creatures
  Natasha (thrice) (D:2)
  An orc wizard (D:3)
  2 adders (D:2)
  An ooze (D:1)
  2 giant geckos
  3 orcs (D:3)
  A ball python (D:1)
  8 bats
  11 hobgoblins
  4 jackals (D:1)
  5 kobolds
  A giant cockroach (D:1)
  A giant newt (D:2)
  4 goblins (D:1)
  10 rats
57 creatures vanquished.

Notes
Turn   | Place    | Note
--------------------------------------------------------------
     0 | D:1      | namelastname112, the Draconian Hunter, began the quest for the Orb.
     0 | D:1      | Reached XP level 1. HP: 17/17 MP: 1/1
   117 | D:1      | Reached XP level 2. HP: 19/25 MP: 2/2
   511 | D:1      | Reached XP level 3. HP: 26/30 MP: 3/3
   552 | D:1      | Reached skill level 4 in Crossbows
   766 | D:2      | Noticed Natasha
   769 | D:2      | Killed Natasha
   788 | D:2      | Reached XP level 4. HP: 32/37 MP: 4/4
  1181 | D:2      | Found an opulent altar of Gozag.
  1371 | D:2      | Noticed Natasha
  1381 | D:2      | Killed Natasha
  1431 | D:2      | Noticed Natasha
  1436 | D:2      | Killed Natasha
  1497 | D:3      | Reached XP level 5. HP: 15/45 MP: 5/5
  1505 | D:3      | Slain by an orc

Action                   |  1- 3 |  4- 6 || total
-------------------------+-------+-------++-------
Melee: Short sword       |    61 |       ||    61
       Dagger            |    51 |    76 ||   127
 Stab: Sleeping          |     1 |       ||     1
  Eat: Chunk             |       |     2 ||     2
